 Dungeon Crawl Stone Soup version 0.30-a0-672-gc3a7216ad8 (webtiles) character file.

Game seed: 4597220352206364510

88 BigDaddyOpFi the Trooper (level 4, -5/36 HPs)
             Began as a Demonspawn Fighter on Jan 18, 2023.
             Slain by Natasha (8 damage)
             ... on level 2 of the Dungeon.
             The game lasted 00:00:58 (460 turns).

BigDaddyOpFi the Trooper (Demonspawn Fighter)        Turns: 460, Time: 00:00:59

Health: -5/36      AC:  6    Str: 13    XL:     4   Next: 30%
Magic:  4/4        EV:  8    Int:  9    God:
Gold:   21         SH:  9    Dex: 17    Spells: 3/3 levels left

rFire   + . .      SeeInvis .    i - +7 long sword of Crusades {freeze, rC- rN+++ Str-5 Dex+4}
rCold   . . .      Faith    .    c - +0 buckler
rNeg    + + +      Spirit   .    b - +0 scale mail
rPois   +          Reflect  .    (no helmet)
rElec   +          Harm     .    (no cloak)
rCorr   +          Rampage  .    (no gloves)
Will    .....                    (no boots) Stlth
                                 (no amulet)
HPRegen 0.26/turn                (no ring)
MPRegen 0.09/turn                (no ring)

@: mighty, brilliant, resistant, very slow
A: powered by pain 1, condensation shield
a: no special abilities


You were on level 2 of the Dungeon.
You visited 1 branch of the dungeon, and saw 2 of its levels.

You collected 21 gold pieces.

Inventory:

Hand Weapons
 a - a +0 war axe
 i - the +7 long sword of Crusades (weapon) {freeze, rC- rN+++ Str-5 Dex+4}
   (You found it on level 2 of the Dungeon)

   Str:       It affects your strength (-5).
   Dex:       It affects your dexterity (+4).
   rC:        It makes you vulnerable to cold.
   rN:        It renders you almost immune to negative energy.
Armour
 b - a +0 scale mail (worn)
 c - a +0 buckler (worn)
Scrolls
 e - a scroll of enchant armour {unknown}
 g - a scroll of vulnerability {unknown}
 j - a scroll of amnesia {unknown}
Potions
 d - a potion of might


   Skills:
 + Level 3.6 Fighting
 * Level 0.5 Long Blades
 - Level 2.4 Axes
 + Level 3.2 Armour
 + Level 3.2 Shields


You had 3 spell levels left.
You didn't know any spells.
Your spell library contained the following spells:

 Spells                   Type           Power      Damage    Failure   Level
 Lesser Beckoning         Tloc           0%         N/A       98%         2
 Gell's Gravitas          Tloc           0%         N/A       100%        3
 Teleport Other           Tloc           0%         N/A       100%        3


Dungeon Overview and Level Annotations

Branches:
Dungeon (1/15)

Altars:

Shops:
D:2 :

Annotations:
D:2 Natasha


Innate Abilities, Weirdness & Mutations

You sometimes gain a little power by taking damage.
A meltable shield of frost defends you. (SH +4)


Message History

You block the gnoll's attack. You block the quokka's attack.
The gnoll closely misses you. You block the gnoll's attack.
You block the quokka's attack.
You slash the gnoll! You freeze the gnoll.
You kill the gnoll!
The quokka bites you. The gnoll hits you but does no damage.
You slash the gnoll! You freeze the gnoll.
The gnoll is almost dead.
The quokka bites you. You block the gnoll's attack.
The quokka completely misses you. The gnoll hits you with a +0 whip.
You barely miss the gnoll.
The gnoll is almost dead.
You hear a splashing noise.
The quokka bites you but does no damage.
The gnoll hits you but does no damage. You block the quokka's attack.
Your unstable footing causes you to fumble your attack.
The gnoll hits you with a +0 whip!
* * * LOW HITPOINT WARNING * * *
The quokka barely misses you.
Natasha splashes around in the water.
The gnoll hits you with a +0 whip.
* * * LOW HITPOINT WARNING * * *
The quokka completely misses you.
You feel very mighty all of a sudden.
Natasha claws the plant.
The plant begins to die.
The quokka bites you but does no damage.
You block the gnoll's attack.
You hit the quokka. You freeze the quokka.
You kill the quokka!
The gnoll barely misses you. Natasha claws you.
* * * LOW HITPOINT WARNING * * *
Unknown command.
Okay, then.
Okay, then.
It was a potion of brilliance.
You feel clever all of a sudden. You block the gnoll's attack.
Natasha completely misses you.
It was a potion of resistance.
You feel protected. The gnoll barely misses you. Natasha claws you!
You die...

#........##..###..#.####...
#.#.###.#####...###.# ####
###..# ##### #.#
##~...###### ..
#..~~~~P...# #.
#~~♣~~~~~P.# #~.♣♣♣♣~~.##.#
.~~~ ♣~~.# #.. ♣~@)# ..
♣♣hg..# ~P...# .~....#
..~.###.# ###.## #.# .. ..>
#. ##


You could see Natasha and a gnoll.

Vanquished Creatures
  Natasha (D:2)
  Robin (D:2)
  2 gnolls (D:2)
  2 worms (D:2)
  2 giant cockroaches (D:2)
  9 goblins (D:2)
  4 hobgoblins (D:2)
  2 jackals (D:2)
  A quokka (D:2)
  2 ball pythons
  A frilled lizard (D:2)
  2 rats (D:2)
29 creatures vanquished.

Vanquished Creatures (others)
  24 plants (D:2)
24 creatures vanquished.

Grand Total: 53 creatures vanquished

Notes
Turn   | Place    | Note
-------+----------+-------------------------------------------
     0 | D:1      | BigDaddyOpFi the Demonspawn Fighter began the quest for the
                  | Orb.
     0 | D:1      | Reached XP level 1. HP: 18/18 MP: 1/1
    63 | D:1      | You fall into a shaft and drop 1 floor!
    69 | D:2      | Found Teskiol's Vocational Training.
    81 | D:2      | Gained mutation: A meltable shield of frost defends you.
                  | (SH +4) [demonic ancestry]
    81 | D:2      | Reached XP level 2. HP: 24/24 MP: 2/2
    93 | D:2      | Noticed Robin
   104 | D:2      | Killed Robin
   141 | D:2      | Gained mutation: You sometimes gain a little power by
                  | taking damage. [demonic ancestry]
   141 | D:2      | Reached XP level 3. HP: 29/29 MP: 3/3
   141 | D:2      | Noticed Natasha
   149 | D:2      | Killed Natasha
   336 | D:2      | Identified the +7 long sword of Crusades {freeze, rC- rN+++
                  | Str-5 Dex+4}
   443 | D:2      | Reached XP level 4. HP: 33/35 MP: 4/4
   451 | D:2      | Noticed Natasha
   460 | D:2      | Slain by Natasha

Illustrated notes

Levels and vault maps discovered:
D:1:      sevenhm_arrival_forest_fort_large_2, layout_basic,
          shapermc_ecumenical_altar_mp_highgroup
D:2:      layout_loops_cross, serial_bayou_pond_c, nicolae_shop_vocational,
          uniq_natasha, uniq_robin, uniq_terence

Skill      XL: |  1  2 |
---------------+-------+-----
Axes           | 2 |  2.4
Armour         | 3 |  3.2
Shields        | 3 |  3.2
Fighting       | |  3.6
Long Blades    | |  0.5

Action                   |  1- 3 |  4- 6 || total
-------------------------+-------+-------++-------
Melee: War axe           |    66 |       ||    66
       Long sword        |    10 |    13 ||    23
  Use: Potion            |       |     3 ||     3
Armor: Scale mail        |    31 |     4 ||    35
Dodge: Dodged            |    23 |    11 ||    34
Block: Buckler           |    28 |    13 ||    41

Table legend: (Time is in decaauts)
 A = Elapsed time spent in this place.
 B = Non-inter-level travel time spent in this place.
 C = Inter-level travel time spent in this place.
 D = Time resting spent in this place.
 E = Time spent auto-exploring this place.
 F = Levels seen in this place.
 G = Mean time per level.
                   A        B        C        D        E       F      G
               +--------+--------+--------+--------+--------+-----+--------+
         Total |    499 |    499 |      0 |      0 |    317 |   2 |  249.5 |
       Dungeon |    499 |    499 |      0 |      0 |    317 |   2 |  249.5 |
               +--------+--------+--------+--------+--------+-----+--------+

Top non-repeatable levels by time:
     D:2: 436 daAuts
     D:1: 63 daAuts
